 Dungeon Crawl Stone Soup version 0.28-a0-60-g54b5640690 (webtiles) character file.

Game seed: 13153779291607483298

12067 bande the Cleaver (level 11, -7/68 HPs)
             Began as a Gargoyle Fighter on July 30, 2021.
             Mangled by a two-headed ogre (10 damage)
             ... on level 11 of the Dungeon on July 31, 2021.
             The game lasted 00:31:51 (13870 turns).

bande the Cleaver (Gargoyle Fighter)               Turns: 13870, Time: 00:31:53

Health: -7/68      AC: 31    Str: 17    XL:     11   Next: 87%
Magic:  20/20      EV:  5    Int: 12    God:
Gold:   431        SH: 16    Dex: 10    Spells: 10/10 levels left

rFire   . . .      SeeInvis .   y - +8 war axe of Dilyutiy {freeze, rC++ Str-4}
rCold   + + .      Faith    .   c - +0 kite shield
rNeg    + . .      Spirit   .   n - +0 plate armour
rPois   ∞          Reflect  +   j - +2 helmet
rElec   +          Harm     .   t - +2 cloak
rCorr   .          Rampage  .   (no gloves)
Will    .....                   i - +2 pair of boots
Stlth   ..........              D - amulet of reflection
HPRegen 0.21/turn               f - ring of magical power
MPRegen 0.17/turn               (no ring)

@: no status effects
A: sickness immunity, AC +8, negative energy resistance 1, electricity
resistance, torment resistance 1, petrification resistance, clever 1
a: no special abilities


You were on level 11 of the Dungeon.
You visited 2 branches of the dungeon, and saw 12 of its levels.

You collected 592 gold pieces.
You spent 161 gold pieces at shops.

Inventory:

Hand Weapons
 a - a +0 war axe of protection
 m - a +2 war axe of electrocution
 x - a +2 flail of venom
 y - the +8 war axe of Dilyutiy (weapon) {freeze, rC++ Str-4}
   (You bought it in a shop on level 8 of the Dungeon)

   It freezes those it strikes, dealing additional cold damage.
   It can also slow down cold-blooded creatures.
   Str:       It affects your strength (-4).
   rC:        It greatly protects you from cold.
Missiles
 u - a throwing net (quivered)
Armour
 c - a +0 kite shield (worn)
 i - a +2 pair of boots (worn)
 j - a +2 helmet (worn)
 n - a +0 plate armour (worn)
 t - a +2 cloak (worn)
Jewellery
 f - a ring of magical power (left hand)
 h - an amulet of the acrobat
 o - an amulet of magic regeneration
 D - an amulet of reflection (around neck)
Wands
 b - a wand of iceblast (1)
 w - a wand of flame (42)
Scrolls
 g - 6 scrolls of teleportation
 l - 2 scrolls of amnesia
 A - a scroll of fear
Potions
 d - a potion of might
 e - 2 potions of berserk rage
 k - 4 potions of flight
 p - a potion of invisibility
 q - a potion of haste
 r - a potion of brilliance
 s - 3 potions of curing
 v - a potion of resistance
 z - a potion of cancellation
 B - a potion of lignification {unknown}
 C - a potion of magic {unknown}


   Skills:
 + Level 8.2 Fighting
 + Level 10.4 Axes
 + Level 7.6 Armour
 + Level 2.4 Dodging
 - Level 0.3 Stealth
 + Level 9.5 Shields
 * Level 7.0 Evocations


You had 10 spell levels left.
You didn't know any spells.
Your spell library contained the following spells:

 Spells                   Type           Power      Damage    Failure   Level
 Magic Dart               Conj           0%         1d3       100%        1
 Summon Small Mammal      Summ           0%         N/A       100%        1
 Call Imp                 Summ           0%         N/A       100%        2
 Call Canine Familiar     Summ           0%         N/A       100%        3
 Dazzling Flash           Conj/Hex       0%         N/A       100%        3
 Mephitic Cloud           Conj/Pois/Air  0%         N/A       100%        3
 Stone Arrow              Conj/Erth      0%         3d7       100%        3
 Summon Guardian Golem    Hex/Summ       0%         N/A       100%        3
 Animate Armour           Summ/Erth      0%         N/A       100%        4
 Iskenderun's Mystic Bla  Conj/Tloc      0%         2d3       100%        4
 Starburst                Conj/Fire      0%         8x6d3     100%        6
 Lehudib's Crystal Spear  Conj/Erth      0%         10d2      100%        8


Dungeon Overview and Level Annotations

Branches:
Dungeon (11/15)            Temple (1/1) D:5            Lair (0/6) D:8
    Orc: D:9-12

Altars:
Ashenzari
Cheibriados
Gozag
Hepliaklqana
Okawaru
Qazlal
Ru
Trog
Uskayaw
Wu Jian
Xom
Zin
The Shining One

Shops:
D:2 (   D:8 (   D:9 ?

Annotations:
D:5 3 runed translucent doors, finalsalamander's ghost, novice NaWn


Innate Abilities, Weirdness & Mutations

You are immune to sickness and miasma.
Your stone body is resilient. (AC +8)
You are immune to poison.
You resist negative energy. (rN+)
You are resistant to electric shocks. (rElec)
You are resistant to unholy torment.
You are immune to petrification.
Your mind is acute. (Int +2)


Message History

The two-headed ogre is moderately wounded.
You slash the ogre mage! You freeze the ogre mage. You hit the two-headed ogre.
You freeze the two-headed ogre.
The ogre mage casts a spell.
The ogre mage flickers and vanishes!
Deactivating autopickup; reactivate with Ctrl-A.
The two-headed ogre hits you but does no damage.
You block the two-headed ogre's attack.
You slash the two-headed ogre! You freeze the two-headed ogre.
The two-headed ogre is severely wounded.
You slash the ogre! You freeze the ogre. You slash something!
You freeze something. You hit the ogre. You freeze the ogre.
You hit the two-headed ogre. You freeze the two-headed ogre.
The two-headed ogre hits you with a +0 giant club!
The two-headed ogre hits you but does no damage.
The ogre hits you but does no damage. You block the ogre's attack.
You hear some strange, mumbled words.
A bolt of magma appears from out of thin air!
The bolt of magma hits you!!
* * * LOW HITPOINT WARNING * * *
The two-headed ogre hits you but does no damage. x2
Your plate armour prevents you from hitting the two-headed ogre.
The two-headed ogre is severely wounded.
You slash the two-headed ogre! You freeze the two-headed ogre.
You slash the ogre! You freeze the ogre. You hit something.
You freeze something.
Reactivating autopickup.
You feel a bit more experienced.
You hit the ogre. You freeze the ogre. You block the two-headed ogre's attack.
The two-headed ogre hits you but does no damage.
The ogre hits you but does no damage. You block the ogre's attack.
The two-headed ogre hits you but does no damage. x2
Your Evocations skill increases to level 7!
You slash the two-headed ogre! You freeze the two-headed ogre.
The two-headed ogre is almost dead.
You hit the ogre. You freeze the ogre. You barely miss the ogre.
You slash the two-headed ogre! You freeze the two-headed ogre.
You block the two-headed ogre's attack.
The two-headed ogre hits you with a +0 dire flail!
You die...

***,,***,**,***,,**+************,
***,,***,##+###..##.##.,*,,*****,
,,,,,,,,,.............,,,,,,*,,,,
,,,,,,,,,............,,,,,,,*,...
,,,,,,,,,...........,,,,,,∩,*,...
,,,,,,,,,..........,,,,,,,,,*,...
,,,,,,,,,,,.....H.,,,,,,,,,,*,..,
*,,******,,**#:OO#*####*******.#*
****,,***,,*##.)@###..########.#*
*,,,,,,,,,#..O.O.....#...#...+,
*,,,,,,,,,#..........'...'...#,
*,,*,***,*###..###.###+####'###
****,***,***#..#*#+#**,###..###
*,,,,,,,,#...#,,,*,,,#.......
*,,,,,,,,+...+,,,*,,,#.......
*,,,,,,,,#...#,,,*,,,#.......
*****+***,,##..#*******####.##.


You could see 2 two-headed ogres, a manticore and 2 ogres.

Vanquished Creatures
  An ogre mage (D:11)
  2 boulder beetles
  A centaur warrior (D:9)
  Nergalle (D:10)
  A centaur zombie (D:10)
  An elephant (D:8)
  A kobold demonologist (D:10)
  A hornet (D:9)
  2 slime creatures
  Grinder (D:4)
  4 wyverns
  2 wraiths
  10 yaks
  A basilisk (D:7)
  A steam dragon (D:7)
  Edmund (D:6)
  A water moccasin (D:7)
  3 ice beasts
  A necrophage (D:6)
  4 orc warriors
  3 black bears
  5 ogres
  A centaur (D:7)
  A phantom (D:6)
  3 kobold brigands
  2 scorpions
  2 water moccasin skeletons
  10 killer bees (D:10)
  8 wights
  8 howler monkeys
  A centaur skeleton (D:5)
  3 hounds
  9 jellies
  5 orc priests
  2 gnoll shamans
  A bullfrog skeleton (D:7)
  Jessica (D:3)
  Terence (D:3)
  A scorpion zombie (D:5)
  4 iguanas
  8 orc wizards
  A killer bee zombie (D:6)
  Robin (D:4)
  10 gnolls
  A howler monkey skeleton (D:7)
  7 adders
  A shadow imp (D:7)
  A white imp (D:7)
  An ufetubus (D:4)
  2 worms
  A dart slug (D:4)
  31 orcs
  9 ball pythons
  3 bats
  8 endoplasms
  6 giant cockroaches
  14 goblins
  9 hobgoblins
  19 jackals
  16 kobolds
  3 quokkas
  3 frilled lizards
  7 rats
273 creatures vanquished.

Vanquished Creatures (others)
  A shadow imp (D:7)
  5 fungi (D:5)
  11 toadstools (D:5)
17 creatures vanquished.

Grand Total: 290 creatures vanquished

Notes
Turn   | Place    | Note
-------+----------+-------------------------------------------
     0 | D:1      | bande the Gargoyle Fighter began the quest for the Orb.
     0 | D:1      | Reached XP level 1. HP: 14/14 MP: 1/1
    24 | D:1      | Reached XP level 2. HP: 10/19 MP: 2/2
   326 | D:1      | Reached skill level 2 in Axes
   445 | D:1      | You fall into a shaft and drop 1 floor!
   904 | D:1      | Reached XP level 3. HP: 24/24 MP: 3/3
  1429 | D:2      | Found Unaidwysk's Weapon Emporium.
  1724 | D:2      | Reached XP level 4. HP: 23/29 MP: 4/4
  2070 | D:3      | Found a faded altar of an unknown god.
  2134 | D:3      | Noticed Terence
  2301 | D:2      | Reached skill level 3 in Axes
  2375 | D:2      | Reached XP level 5. HP: 30/33 MP: 5/5
  2756 | D:3      | Noticed Jessica
  2843 | D:3      | Killed Jessica
  2911 | D:3      | Killed Terence
  2912 | D:3      | Reached XP level 6. HP: 37/38 MP: 6/6
  3074 | D:3      | Gained mutation: You are strong-willed. (Will+) [potion of
                  | mutation]
  3074 | D:3      | Lost mutation: You are strong-willed. (Will+) [potion of
                  | mutation]
  3074 | D:3      | Gained mutation: Your mind is acute. (Int +2) [potion of
                  | mutation]
  3813 | D:3      | Reached skill level 4 in Axes
  3881 | D:3      | Reached skill level 5 in Shields
  4013 | D:4      | Noticed Robin
  4024 | D:4      | Killed Robin
  4025 | D:4      | Reached skill level 1 in Dodging
  4116 | D:4      | Reached skill level 1 in Evocations
  4248 | D:4      | Reached XP level 7. HP: 28/43 MP: 7/7
  4419 | D:4      | Noticed Grinder
  4434 | D:4      | Paralysed by Grinder for 7 turns
  4443 | D:4      | Paralysed by Grinder for 6 turns
  4453 | D:4      | Killed Grinder
  4791 | D:5      | Entered Level 5 of the Dungeon
  5044 | D:4      | Reached skill level 5 in Axes
  5496 | D:5      | Reached XP level 8. HP: 48/48 MP: 8/8
  5612 | D:5      | Found a runed translucent gate.
  5612 | D:5      | Noticed finalsalamander's ghost (novice NaWn)
  5613 | D:5      | Found a runed translucent gate.
  5614 | D:5      | Found a runed translucent gate.
  5619 | D:5      | Found a sacrificial altar of Ru.
  5633 | D:5      | Found a glowing golden altar of the Shining One.
  5633 | D:5      | Found a glowing silver altar of Zin.
  5636 | D:5      | Found a bloodstained altar of Trog.
  5697 | D:5      | Reached skill level 5 in Armour
  5989 | D:5      | Noticed a slime creature
  6005 | D:5      | Noticed a slime creature
  6015 | D:5      | Reached skill level 6 in Axes
  6087 | D:5      | Reached skill level 5 in Fighting
  6111 | D:5      | Found a stormy altar of Qazlal.
  6281 | D:4      | HP: 1/49 [slime creature (13)]
  6284 | D:4      | Killed a slime creature
  6285 | D:4      | Reached XP level 9. HP: 35/54 MP: 9/9
  6407 | D:5      | Found a staircase to the Ecumenical Temple.
  6423 | Temple   | Entered the Ecumenical Temple
  7110 | D:6      | Noticed Edmund
  7121 | D:6      | Killed Edmund
  7297 | D:6      | Reached skill level 7 in Axes
  8222 | D:7      | Found a hazy altar of Hepliaklqana.
  8876 | D:7      | Reached XP level 10. HP: 33/60 MP: 10/10
  9748 | D:8      | Found Pokyu's Antique Weapon Shoppe.
  9814 | D:7      | Reached skill level 5 in Evocations
  9922 | D:7      | Reached skill level 8 in Axes
 10282 | D:8      | Found a staircase to the Lair.
 10285 | D:8      | Noticed an elephant
 10300 | D:8      | Killed an elephant
 10523 | D:8      | Bought a bloodstained war axe for 161 gold pieces
 10523 | D:8      | Identified the +8 war axe of Dilyutiy {freeze, rC++ Str-4}
                  | (You bought it in a shop on level 8 of the Dungeon)
 10542 | D:8      | Found an ornate altar of the Wu Jian Council.
 11310 | D:9      | Noticed a centaur warrior
 11319 | D:9      | Killed a centaur warrior
 11320 | D:9      | Reached skill level 9 in Axes
 11336 | D:9      | Noticed a boulder beetle
 11375 | D:9      | Killed a boulder beetle
 11416 | D:9      | Reached XP level 11. HP: 13/67 MP: 11/11
 12583 | D:9      | Found Buoc's Magic Scroll Emporium.
 12682 | D:10     | Entered Level 10 of the Dungeon
 13156 | D:10     | Noticed a soul eater
 13173 | D:10     | Reached skill level 10 in Axes
 13461 | D:10     | Noticed Nergalle
 13482 | D:10     | Killed Nergalle
 13777 | D:11     | Noticed a boulder beetle
 13805 | D:11     | Killed a boulder beetle
 13860 | D:11     | Noticed an ogre mage
 13860 | D:11     | Noticed a two-headed ogre
 13862 | D:11     | Noticed a two-headed ogre
 13862 | D:11     | Noticed a manticore
 13868 | D:11     | HP: 3/68 [something/bolt of magma (24)]
 13869 | D:11     | Killed an ogre mage
 13870 | D:11     | Mangled by a two-headed ogre

Illustrated notes

Levels and vault maps discovered:
D:1:      eino_arrival_water_star, layout_rooms, nrook_mini_backslash,
          minmay_tall_x
D:2:      layout_basic, serial_shops, nicolae_shop_crystal
D:3:      wander_river, layout_basic, shapermc_ecumenical_altar_mp_vishouse,
          uniq_jessica, uniq_terence
D:4:      layout_rooms, uniq_grinder, uniq_robin
D:5:      cheibrodos_fertilizer, layout_basic, grunt_temple_overflow_open,
          overflow_temple_1_default, temple_statues, serial_co_window_serial,
          co_window_paths_b, co_window_corner_a, co_window_paths_a,
          co_window_corner_a, co_window_of_opportunity_a, co_window_corner_ca,
          co_window_of_opportunity_c, co_window_corner_b, glass_columns_b,
          gammafunk_ghost_nasty_kobolds, hangedman_decor_riveting,
          kennysheep_generic_room_8
D:6:      layout_cave_pods, uniq_edmund
D:7:      layout_loops_cross, mainiacjoe_overflow_small_starburst
D:8:      layout_cave_pods, nicolae_wu_jian_immortal_techniques,
          david_lair_generic, serial_shops, shop_fountains
D:9:      layout_small_grid, serial_shops, nicolae_lakefront_shop,
          chequers_garden
D:10:     layout_loops_ring, uniq_nergalle
D:11:     layout_gridville, gauntlet_entry_generic
Temple:   regret_index_temple_generic_petals

Skill      XL: |  1  2  3  4  5  6  7  8  9 10 11 |
---------------+----------------------------------+-----
Axes           | 2 3 4 5 6 7 9 10 | 10.4
Shields        | 4 5 6 7 8 9 |  9.5
Fighting       | 4 5 6 7 8 |  8.2
Armour         | 4 5 6 7 |  7.6
Dodging        | 1 2 |  2.4
Evocations     | 1 2 3 4 5 7 |  7.0
Stealth        | |  0.3

Action                   |  1- 3 |  4- 6 |  7- 9 | 10-12 || total
-------------------------+-------+-------+-------+-------++-------
Melee: War axe           |   117 |   201 |   252 |   343 ||   913
  Use: Scroll            |     4 |     3 |     5 |     7 ||    19
       Potion            |       |     1 |     5 |       ||     6
Armor: Scale mail        |    56 |       |       |       ||    56
       Chain mail        |       |   176 |   218 |     3 ||   397
       Plate armour      |       |       |       |   212 ||   212
Dodge: Dodged            |    45 |    50 |    84 |    63 ||   242
Block: Kite shield       |    90 |   136 |   185 |   231 ||   642

Table legend: (Time is in decaauts)
 A = Elapsed time spent in this place.
 B = Non-inter-level travel time spent in this place.
 C = Inter-level travel time spent in this place.
 D = Time resting spent in this place.
 E = Time spent auto-exploring this place.
 F = Levels seen in this place.
 G = Mean time per level.
                   A        B        C        D        E       F      G
               +--------+--------+--------+--------+--------+-----+--------+
         Total |  14280 |  14070 |    210 |   4067 |   6509 |  12 | 1190.0 |
       Dungeon |  14140 |  13946 |    194 |   4067 |   6403 |  11 | 1285.5 |
        Temple |    140 |    124 |     16 |      0 |    106 |   1 |  140.0 |
               +--------+--------+--------+--------+--------+-----+--------+

Top non-repeatable levels by time:
     D:4: 1857 daAuts
     D:2: 1613 daAuts
     D:7: 1593 daAuts
     D:5: 1550 daAuts
     D:9: 1412 daAuts
     D:3: 1352 daAuts
     D:8: 1337 daAuts
     D:6: 1200 daAuts
    D:10: 1104 daAuts
     D:1: 1021 daAuts
  Temple: 140 daAuts
    D:11: 94 daAuts
